TOP OF THE 1ST |
Gresham Gold Souls batting - Pitching for Texarkana Bears : RHP Álex Rodríguez
|
Pitching: RHP Álex Rodríguez
|
|
Batting: LHB Bill Smith
|
0-0: Ball 1-0: Ball 2-0: Fly out, F9 (Flyball, 89M)
|
Batting: RHB Pablo Castillo
|
0-0: Ball 1-0: Ball 2-0: Ground out 6-3 (Groundball, 6S)
|
Batting: RHB Peter Hensley
|
0-0: Ball 1-0: Ground out 6-3 (Groundball, 6)
|
Top of the 1st over - 0 run(s), 0 hit(s), 0 error(s), 0 left on base; Gresham 0 - Texarkana 0 |
BOTTOM OF THE 1ST |
Texarkana Bears batting - Pitching for Gresham Gold Souls : RHP Arturo Martínez
|
Pitching: RHP Arturo Martínez
|
|
Batting: RHB Steve Garneys
|
0-0: Swinging Strike 0-1: Foul Ball, location: 2F 0-2: Ball 1-2: Ball 2-2: Strikes out looking
|
Batting: RHB Tony Reyes
|
0-0: Ball 1-0: Foul Ball, location: 2F 1-1: Ball 2-1: Hit by Pitch
|
Batting: LHB Sam Barnes
|
0-0: Swinging Strike 0-1: Swinging Strike 0-2: Strikes out looking
|
Batting: RHB Juan Rico
|
0-0: Ball 1-0: Ball 2-0: Ball 3-0: Called Strike 3-1: Swinging Strike 3-2: Foul Ball, location: 2F 3-2: Foul Ball, location: 2F 3-2: Ground out 4-3 (Groundball, 34)
|
Bottom of the 1st over - 0 run(s), 0 hit(s), 0 error(s), 1 left on base; Gresham 0 - Texarkana 0 |
TOP OF THE 2ND |
Gresham Gold Souls batting - Pitching for Texarkana Bears : RHP Álex Rodríguez
|
Batting: LHB Millard Dye
|
0-0: Called Strike 0-1: Called Strike 0-2: Strikes out looking
|
Batting: RHB Matt Davidson
|
0-0: Foul Ball, location: 2F 0-1: Foul Ball, location: 2F 0-2: Ball 1-2: Ground out 1-3 (Groundball, P)
|
Batting: RHB Luke McIndoe
|
0-0: Ball 1-0: Foul Ball, location: 2F 1-1: Ball 2-1: Swinging Strike 2-2: Ball 3-2: Strikes out swinging
|
Top of the 2nd over - 0 run(s), 0 hit(s), 0 error(s), 0 left on base; Gresham 0 - Texarkana 0 |
BOTTOM OF THE 2ND |
Texarkana Bears batting - Pitching for Gresham Gold Souls : RHP Arturo Martínez
|
Batting: LHB Tom Mullins
|
0-0: SINGLE (Groundball, 6MD)
|
Batting: RHB Arturo Rodríguez
|
0-0: Ball 1-0: SINGLE (Flyball, 7S) Tom Mullins to second
|
Batting: RHB Gilberto López
|
0-0: Ball 1-0: Fly out, F8 (Flyball, 78XD) Runner from 2nd tags up, SAFE at 3rd, no throw
|
Batting: RHB Michael Barraclough
|
0-0: Called Strike 0-1: Ball 1-1: Swinging Strike 1-2: Strikes out swinging
|
Batting: RHB Billy Campbell
|
0-0: Called Strike 0-1: Ball 1-1: Foul Ball, location: 2F 1-2: Foul Ball, location: 2F 1-2: Ball 2-2: Ball 3-2: Strikes out swinging
|
Bottom of the 2nd over - 0 run(s), 2 hit(s), 0 error(s), 2 left on base; Gresham 0 - Texarkana 0 |
TOP OF THE 3RD |
Gresham Gold Souls batting - Pitching for Texarkana Bears : RHP Álex Rodríguez
|
Batting: RHB Elpidio Martinho
|
0-0: Called Strike 0-1: Swinging Strike 0-2: Ball 1-2: Strikes out swinging
|
Batting: RHB Brian Dixon
|
0-0: Called Strike 0-1: Called Strike 0-2: Ball 1-2: Foul Ball, location: 2F 1-2: SINGLE (Popup, 4MD)
|
Batting: RHB Gustavo Pagán
|
0-0: Fielders Choice at 2nd, 6-4 (Groundball, 6)
|
Batting: LHB Bill Smith
|
0-0: Ball 1-0: Ball Gustavo Pagán steals 2nd base 2-0: Called Strike 2-1: Ball 3-1: Base on Balls
|
Batting: RHB Pablo Castillo
|
0-0: Foul Ball, location: 2F 0-1: Swinging Strike 0-2: Ball 1-2: Strikes out looking
|
Top of the 3rd over - 0 run(s), 1 hit(s), 0 error(s), 2 left on base; Gresham 0 - Texarkana 0 |
BOTTOM OF THE 3RD |
Texarkana Bears batting - Pitching for Gresham Gold Souls : RHP Arturo Martínez
|
Batting: RHB Steve Garneys
|
0-0: Ground out 5-3 (Groundball, 5)
|
Batting: RHB Tony Reyes
|
0-0: Swinging Strike 0-1: Foul Ball, location: 2F 0-2: Foul Ball, location: 2F 0-2: Fly out, F8 (Flyball, 78S)
|
Batting: LHB Sam Barnes
|
0-0: Called Strike 0-1: Swinging Strike 0-2: SINGLE (Line Drive, 89S)
|
Batting: RHB Juan Rico
|
0-0: Ball Sam Barnes steals 2nd base 1-0: Ball 2-0: Ball 3-0: Base on Balls
|
Batting: LHB Tom Mullins
|
0-0: Ball 1-0: Ball 2-0: Called Strike 2-1: Ball 3-1: Called Strike 3-2: Foul Ball, location: 2F 3-2: Foul Ball, location: 2F 3-2: Ground out U3 (Groundball, 34)
|
Bottom of the 3rd over - 0 run(s), 1 hit(s), 0 error(s), 2 left on base; Gresham 0 - Texarkana 0 |
TOP OF THE 4TH |
Gresham Gold Souls batting - Pitching for Texarkana Bears : RHP Álex Rodríguez
|
Batting: RHB Peter Hensley
|
0-0: Ball 1-0: Called Strike 1-1: Ball 2-1: Ball 3-1: Called Strike 3-2: Strikes out swinging
|
Batting: LHB Millard Dye
|
0-0: Called Strike 0-1: Foul Ball, location: 2F 0-2: Foul Ball, location: 2F 0-2: Ball 1-2: Foul Ball, location: 2F 1-2: Ball 2-2: Ball 3-2: Base on Balls
|
Batting: RHB Matt Davidson
|
0-0: Ball 1-0: Foul Ball, location: 2F 1-1: Called Strike 1-2: Foul Ball, location: 2F 1-2: Ball 2-2: Foul Ball, location: 2F 2-2: Strikes out looking
|
Batting: RHB Luke McIndoe
|
0-0: Ball 1-0: Fly out, F6 (Popup, 56D)
|
Top of the 4th over - 0 run(s), 0 hit(s), 0 error(s), 1 left on base; Gresham 0 - Texarkana 0 |
BOTTOM OF THE 4TH |
Texarkana Bears batting - Pitching for Gresham Gold Souls : RHP Arturo Martínez
|
Batting: RHB Arturo Rodríguez
|
0-0: Ball 1-0: Ball 2-0: Foul Ball, location: 2F 2-1: Foul Ball, location: 2F 2-2: DOUBLE (Line Drive, 8RXD)
|
Pitching: RHP Isaac Coleman
|
|
Batting: RHB Gilberto López
|
0-0: Foul Ball, location: 2F 0-1: Ball 1-1: Called Strike 1-2: Ground out 6-3 (Groundball, 56)
|
Batting: RHB Michael Barraclough
|
0-0: Called Strike 0-1: Called Strike 0-2: Ball 1-2: Strikes out swinging
|
Batting: RHB Billy Campbell
|
0-0: Swinging Strike 0-1: Ball 1-1: Ground out 6-3 (Groundball, 6)
|
Bottom of the 4th over - 0 run(s), 1 hit(s), 0 error(s), 1 left on base; Gresham 0 - Texarkana 0 |
TOP OF THE 5TH |
Gresham Gold Souls batting - Pitching for Texarkana Bears : RHP Álex Rodríguez
|
Batting: RHB Elpidio Martinho
|
0-0: Called Strike 0-1: Foul Ball, location: 2F 0-2: Ball 1-2: Foul Ball, location: 2F 1-2: Strikes out looking
|
Batting: RHB Brian Dixon
|
0-0: Ball 1-0: Ball 2-0: Foul Ball, location: 2F 2-1: Ball 3-1: Called Strike 3-2: Fly out, F9 (Flyball, 89D)
|
Batting: RHB Gustavo Pagán
|
0-0: Called Strike 0-1: Swinging Strike 0-2: Foul Ball, location: 2F 0-2: Ball 1-2: Foul Ball, location: 2F 1-2: Ball 2-2: Foul Ball, location: 2F 2-2: Strikes out swinging
|
Top of the 5th over - 0 run(s), 0 hit(s), 0 error(s), 0 left on base; Gresham 0 - Texarkana 0 |
BOTTOM OF THE 5TH |
Texarkana Bears batting - Pitching for Gresham Gold Souls : RHP Isaac Coleman
|
Batting: RHB Steve Garneys
|
0-0: Called Strike 0-1: Ball 1-1: Ground out 4-3 (Groundball, 4M)
|
Batting: RHB Tony Reyes
|
0-0: Ball 1-0: SINGLE (Line Drive, 78S)
|
Batting: LHB Sam Barnes
|
0-0: Called Strike 0-1: Ball 1-1: Foul Ball, location: 2F 1-2: Strikes out swinging
|
Batting: RHB Juan Rico
|
0-0: Called Strike 0-1: Swinging Strike 0-2: Ball 1-2: Foul Ball, location: 2F 1-2: Ball 2-2: Strikes out looking
|
Bottom of the 5th over - 0 run(s), 1 hit(s), 0 error(s), 1 left on base; Gresham 0 - Texarkana 0 |
TOP OF THE 6TH |
Gresham Gold Souls batting - Pitching for Texarkana Bears : RHP Álex Rodríguez
|
Batting: LHB Bill Smith
|
0-0: Swinging Strike 0-1: Ball 1-1: Swinging Strike 1-2: Ball 2-2: Fly out, F3 (Line Drive, 34)
|
Batting: RHB Pablo Castillo
|
0-0: Called Strike 0-1: Ground out 5-3 (Groundball, 5S)
|
Batting: RHB Peter Hensley
|
0-0: Ball 1-0: Foul Ball, location: 2F 1-1: Ball 2-1: Ground out 5-3 (Groundball, 56)
|
Top of the 6th over - 0 run(s), 0 hit(s), 0 error(s), 0 left on base; Gresham 0 - Texarkana 0 |
BOTTOM OF THE 6TH |
Texarkana Bears batting - Pitching for Gresham Gold Souls : RHP Isaac Coleman
|
Batting: LHB Tom Mullins
|
0-0: Called Strike 0-1: Swinging Strike 0-2: Foul Ball, location: 2F 0-2: Ball 1-2: Ball 2-2: Foul Ball, location: 2F 2-2: Ball 3-2: Strikes out swinging
|
Batting: RHB Arturo Rodríguez
|
0-0: Fly out, F6 (Line Drive, 6D)
|
Batting: RHB Gilberto López
|
0-0: Called Strike 0-1: Ball 1-1: Foul Ball, location: 2F 1-2: Fly out, F8 (Flyball, 8LD)
|
Bottom of the 6th over - 0 run(s), 0 hit(s), 0 error(s), 0 left on base; Gresham 0 - Texarkana 0 |
TOP OF THE 7TH |
Gresham Gold Souls batting - Pitching for Texarkana Bears : RHP Álex Rodríguez
|
Batting: LHB Millard Dye
|
0-0: Ball 1-0: Called Strike 1-1: Foul Ball, location: 2F 1-2: Strikes out looking
|
Batting: RHB Matt Davidson
|
0-0: DOUBLE (Line Drive, 7LM)
|
Batting: RHB Luke McIndoe
|
0-0: Intentional Walk
|
Pitching: RHP Asher Zasko
|
|
Pinch Runner at 2nd Jeff McKinney:
|
|
Pinch Hitting: LHB Ezechiele Bruno
|
0-0: Fly out, F8 (Flyball, 89D) Runner from 2nd tags up, SAFE at 3rd, no throw
|
Batting: RHB Brian Dixon
|
0-0: Called Strike 0-1: Fly out, F4 (Popup, 4)
|
Top of the 7th over - 0 run(s), 1 hit(s), 0 error(s), 2 left on base; Gresham 0 - Texarkana 0 |
BOTTOM OF THE 7TH |
Texarkana Bears batting - Pitching for Gresham Gold Souls : RHP Isaac Coleman
|
Now at 1B: Ezechiele Bruno
|
|
Now at SS: Gabriel Miranda
|
|
Batting: RHB Michael Barraclough
|
0-0: Called Strike 0-1: Fly out, F7 (Flyball, 7LS)
|
Batting: RHB Billy Campbell
|
0-0: Called Strike 0-1: Ground out 5-3 (Groundball, 5L)
|
Pinch Hitting: LHB Guy Moss
|
0-0: Ball 1-0: Fly out, F5 (Popup, 56S)
|
Bottom of the 7th over - 0 run(s), 0 hit(s), 0 error(s), 0 left on base; Gresham 0 - Texarkana 0 |
TOP OF THE 8TH |
Gresham Gold Souls batting - Pitching for Texarkana Bears : RHP Asher Zasko
|
Now at SS: Kun Liu
|
|
Pinch Hitting: SHB Todd Smith
|
0-0: Swinging Strike 0-1: Ball 1-1: Swinging Strike 1-2: SINGLE (Groundball, 4D)
|
Batting: LHB Bill Smith
|
0-0: Sac Bunt - play at first, batter OUT! 3-4 Todd Smith to second
|
Batting: RHB Pablo Castillo
|
0-0: Ground out 5-3 (Groundball, 56S) Todd Smith to third
|
Batting: RHB Peter Hensley
|
0-0: Ball 1-0: Fly out, F9 (Flyball, 9)
|
Top of the 8th over - 0 run(s), 1 hit(s), 0 error(s), 1 left on base; Gresham 0 - Texarkana 0 |
BOTTOM OF THE 8TH |
Texarkana Bears batting - Pitching for Gresham Gold Souls : RHP Isaac Coleman
|
Now in RF: Todd Smith
|
|
Batting: RHB Tony Reyes
|
0-0: Foul Ball, location: 2F 0-1: Called Strike 0-2: Ball 1-2: Fly out, F5 (Line Drive, 56)
|
Batting: LHB Sam Barnes
|
0-0: Hit by Pitch
|
Batting: RHB Juan Rico
|
0-0: Called Strike 0-1: Ball 1-1: DOUBLE (Flyball, 8LD) Sam Barnes to third Runner from 3rd tries for Home, throw and OUT!
|
Batting: LHB Tom Mullins
|
0-0: Called Strike 0-1: Ball 1-1: Called Strike 1-2: Ball 2-2: Ball 3-2: Strikes out swinging
|
Bottom of the 8th over - 0 run(s), 1 hit(s), 0 error(s), 1 left on base; Gresham 0 - Texarkana 0 |
TOP OF THE 9TH |
Gresham Gold Souls batting - Pitching for Texarkana Bears : RHP Asher Zasko
|
Pitching: RHP Jim Durham
|
|
Batting: LHB Millard Dye
|
0-0: Foul Ball, location: 2F 0-1: Ball 1-1: DOUBLE (Line Drive, 8RXD)
|
Batting: RHB Gabriel Miranda
|
0-0: Intentional Walk
|
Pinch Runner at 2nd Anthony Wells:
|
|
Pinch Hitting: SHB Sean Carr
|
0-0: Ball 1-0: SINGLE (Groundball, 4D) Anthony Wells to third Gabriel Miranda to second
|
Batting: LHB Ezechiele Bruno
|
0-0: Ball 1-0: Called Strike 1-1: Ball 2-1: SINGLE (Line Drive, 7LS) Anthony Wells scores Gabriel Miranda to third Sean Carr to second Runner from 3rd tries for Home, SAFE, throw made home Sean Carr to third Ezechiele Bruno to second
|
Pitching: RHP Vaughan Gillespie
|
|
Batting: RHB Brian Dixon
|
0-0: Ball 1-0: Ground out 6-3 (Groundball, 6)
|
Batting: SHB Todd Smith
|
0-0: Ground out 6-3 (Groundball, 6)
|
Batting: LHB Bill Smith
|
0-0: Ball 1-0: Ball 2-0: Swinging Strike 2-1: Called Strike 2-2: Strikes out swinging
|
Top of the 9th over - 2 run(s), 3 hit(s), 0 error(s), 2 left on base; Gresham 2 - Texarkana 0 |
BOTTOM OF THE 9TH |
Texarkana Bears batting - Pitching for Gresham Gold Souls : RHP Isaac Coleman
|
Pitching: RHP Eusébio Lagarto
|
|
Now at C: Mario Méndez
|
|
Batting: RHB Arturo Rodríguez
|
0-0: Called Strike 0-1: Ball 1-1: Swinging Strike 1-2: Ground out 6-3 (Groundball, 6)
|
Batting: RHB Gilberto López
|
0-0: Ball 1-0: Ball 2-0: Ball 3-0: Foul Ball, location: 2F 3-1: Foul Ball, location: 2F 3-2: Foul Ball, location: 2F 3-2: Base on Balls
|
Batting: RHB Michael Barraclough
|
0-0: Foul Ball, location: 2F 0-1: Foul Ball, location: 2F 0-2: Ball 1-2: Strikes out swinging
|
Batting: RHB Billy Campbell
|
0-0: Called Strike 0-1: Ball 1-1: Ball 2-1: Ball 3-1: Called Strike 3-2: Strikes out swinging
|
Bottom of the 9th over - 0 run(s), 0 hit(s), 0 error(s), 1 left on base; Gresham 2 - Texarkana 0 |
|